 Dungeon Crawl Stone Soup version 0.29-a0-575-g0dc89cf053 (webtiles) character file.

Game seed: 8009893055489253529

270 dohliylev the Ruffian (level 6, -1/61 HPs)
             Began as a Troll Fighter on June 12, 2022.
             Slain by a jelly (2 damage)
             ... on level 4 of the Dungeon.
             The game lasted 00:04:45 (2277 turns).

dohliylev the Ruffian (Troll Fighter)               Turns: 2277, Time: 00:04:45

Health: -1/61      AC:  0    Str: 27    XL:     6   Next: 1%
Magic:  5/5        EV:  9    Int:  4    God:
Gold:   100        SH:  7    Dex:  9    Spells: 5/5 levels left

rFire   . . .      SeeInvis .     - Unarmed
rCold   . . .      Faith    .   b - +0 kite shield
rNeg    . . .      Spirit   .   a - +0 robe
rPois   .          Reflect  .   (helmet restricted)
rElec   .          Harm     .   (no cloak)
rCorr   .          Rampage  .   (gloves unavailable)
Will    .....                   (boots unavailable)
Stlth   +.........              (no amulet)
HPRegen 1.00/turn               (no ring)
MPRegen 0.09/turn               (no ring)

@: corroded
A: large, unfitting armour, claws 3, regeneration 1, shaggy fur 1, tough skin 1
a: no special abilities


You were on level 4 of the Dungeon.
You visited 1 branch of the dungeon, and saw 4 of its levels.

You collected 100 gold pieces.

Inventory:

Armour
 a - a +0 robe (worn)
 b - a +0 kite shield (worn)
Scrolls
 d - a scroll of vulnerability {unknown}
 f - 2 scrolls of teleportation
 h - a scroll of fear {unknown}
 j - a scroll of enchant weapon {unknown}
 l - a scroll of silence {unknown}
 n - 2 scrolls of blinking
 o - a scroll of immolation {unknown}
 q - a scroll of magic mapping {unknown}
Potions
 c - 3 potions of might
 e - a potion of experience {unknown}
 g - a potion of mutation {unknown}
 i - 2 potions of heal wounds {unknown}
 m - 2 potions of curing {unknown}
 p - a potion of cancellation {unknown}
 r - 2 potions of lignification {unknown}
 s - a potion of attraction {unknown}


   Skills:
 + Level 3.0 Fighting
 + Level 3.3 Dodging
 + Level 3.9 Shields
 + Level 4.2 Unarmed Combat


You had 5 spell levels left.
You didn't know any spells.
Your spell library was empty.

Dungeon Overview and Level Annotations

Branches:
Dungeon (4/15)
 Temple: D:4-7

Altars:

Annotations:
D:3 1 transporter, earlgrey's ghost, amateur MeFi


Innate Abilities, Weirdness & Mutations

You are too large for most types of armour.
You have claws for hands.
Your natural rate of healing is unusually fast.
You are covered in fur. (AC +1)
You have tough skin. (AC +1)


Message History

You are no longer poisoned.
The sky beast hits you. The sky beast shocks you.
You have reached level 6!
You feel stronger.
You miss the sky beast.
The sky beast flickers out of sight!
Deactivating autopickup; reactivate with Ctrl-A.
Something hits you but does no damage.
You closely miss something. Something hits you but does no damage.
Something hits you. Something shocks you.
You closely miss something. Something hits you. Something shocks you.
* * * LOW HITPOINT WARNING * * *
A sky beast appears from thin air!
Reactivating autopickup.
The goblin shouts!
The sky beast attacks as you move away! The sky beast barely misses you.
A ball python comes into view.
Found a ring mail.
The sky beast attacks as you move away! The sky beast hits you.
* * * LOW HITPOINT WARNING * * *
The sky beast shocks you.
* * * LOW HITPOINT WARNING * * *
A jelly comes into view.
You hear the slow hiss of a very distant avalanche of sand.
A giant cockroach comes into view.
The goblin hits you but does no damage.
Found a robe and a ring mail.
The ball python hisses angrily.
The jelly quivers.
The ball python bites you.
* * * LOW HITPOINT WARNING * * *
The goblin hits you but does no damage.
You scratch the jelly. The acid corrodes you!
Your claws burn!
* * * LOW HITPOINT WARNING * * *
The jelly is lightly wounded.
The ball python completely misses you. The sky beast hits you.
* * * LOW HITPOINT WARNING * * *
The sky beast shocks you.
* * * LOW HITPOINT WARNING * * *
The jelly hits you.
You die...

###########................
#.........#................
##..........#.......).......
#.....).....................
...#..)#...#.#.....#...###$..
#....)###..#####.......#...
#..... #.## ###....)....
#'..... #gY## #.#.......
...#####...#@.# #.#.......
... #...JSB.# #.##...... B.
...........# #. ....#.
..#........# #. ###.# #
#...#...[.. .. ...
..+##......###. .# ...
....... # .. .[..[.#.


You could see a sky beast, a jelly, a giant cockroach, a goblin and a ball
python.

Vanquished Creatures
  A bullfrog (D:4)
  2 orc priests (D:3)
  An orc wizard (D:3)
  An adder (D:4)
  A gnoll (D:1)
  A worm (D:2)
  5 dart slugs
  7 orcs
  7 ball pythons
  9 bats
  6 endoplasms
  3 giant cockroaches
  8 goblins
  4 hobgoblins
  6 jackals (D:3)
  5 quokkas
  4 frilled lizards
  5 kobolds
  5 rats
81 creatures vanquished.

Notes
Turn   | Place    | Note
-------+----------+-------------------------------------------
     0 | D:1      | dohliylev the Troll Fighter began the quest for the Orb.
     0 | D:1      | Reached XP level 1. HP: 22/22 MP: 0/0
    83 | D:1      | Reached XP level 2. HP: 29/29 MP: 1/1
   104 | D:1      | Found a faded altar of an unknown god.
   359 | D:1      | Reached XP level 3. HP: 23/36 MP: 2/2
   986 | D:2      | Reached XP level 4. HP: 29/44 MP: 3/3
  1472 | D:3      | Reached skill level 3 in Unarmed Combat
  1561 | D:3      | Noticed earlgrey's ghost (amateur MeFi)
  1562 | D:3      | Found a transporter.
  1564 | D:3      | Identified the +7 giant club of Reinforcement {spect,
                  | *Corrode Fragile rElec rC+++}
  1564 | D:3      | Noticed an ogre
  1833 | D:3      | Reached XP level 5. HP: 34/52 MP: 4/4
  2256 | D:4      | Noticed a sky beast
  2264 | D:4      | Reached skill level 4 in Unarmed Combat
  2268 | D:4      | Reached XP level 6. HP: 26/61 MP: 5/5
  2277 | D:4      | HP: 1/61 [sky beast (5)]
  2277 | D:4      | Slain by a jelly

Illustrated notes

Levels and vault maps discovered:
D:1:      minmay_arrival_glassed_features, layout_loops_ring,
          shapermc_ecumenical_altar_pompeii, minmay_parallelograms,
          nicolae_concentric_dashed_squares_wild
D:2:      layout_basic
D:3:      layout_basic, gammafunk_ghost_smash
D:4:      layout_rooms, enter_ossuary_2, minmay_fractal_squares_diagonal_5

Skill      XL: |  1  2  3  4  5 |
---------------+----------------+-----
Shields        | 3 |  3.9
Dodging        | 3 |  3.3
Unarmed Combat | 3 4 |  4.2
Fighting       | 3 |  3.0

Action                   |  1- 3 |  4- 6 || total
-------------------------+-------+-------++-------
Melee: Unarmed           |   109 |    97 ||   206
  Use: Scroll            |       |     3 ||     3
 Stab: Sleeping          |     2 |       ||     2
Armor: Robe              |    35 |    27 ||    62
Dodge: Dodged            |    36 |    24 ||    60
Block: Kite shield       |    42 |    38 ||    80

Table legend: (Time is in decaauts)
 A = Elapsed time spent in this place.
 B = Non-inter-level travel time spent in this place.
 C = Inter-level travel time spent in this place.
 D = Time resting spent in this place.
 E = Time spent auto-exploring this place.
 F = Levels seen in this place.
 G = Mean time per level.
                   A        B        C        D        E       F      G
               +--------+--------+--------+--------+--------+-----+--------+
         Total |   2296 |   2139 |    157 |     71 |   1410 |   4 |  574.0 |
       Dungeon |   2296 |   2139 |    157 |     71 |   1410 |   4 |  574.0 |
               +--------+--------+--------+--------+--------+-----+--------+

Top non-repeatable levels by time:
     D:3: 862 daAuts
     D:1: 811 daAuts
     D:2: 568 daAuts
     D:4: 52 daAuts
